 Dungeon Crawl Stone Soup version 0.21.0-37-g46506fa (webtiles) character file.

144 JustSomeDude the Charmwright (level 5, -5/43 HPs)
             Began as a Gnoll Skald on Feb 1, 2018.
             Shot with an arrow by a centaur (8 damage)
             ... on level 6 of the Dungeon.
             The game lasted 00:05:54 (2316 turns).

JustSomeDude the Charmwright (Gnoll Skald)          Turns: 2316, Time: 00:05:55

Health: -5/43      AC:  3    Str: 14      XL:     5   Next: 26%
Magic:  12/12      EV: 14    Int: 20      God:
Gold:   119        SH:  4    Dex: 13 (15) Spells: 13/14 levels left

rFire    . . .     SeeInvis .   a - +0 falchion
rCold    . . .     Gourm    .   (no shield)
rNeg     . . .     Faith    .   b - +0 leather armour
rPois    .         Spirit   .   (no helmet)
rElec    .         Reflect  .   (no cloak)
rCorr    .         Harm     .   (no gloves)
MR       .....                  (no boots)
Stlth    ++........             (no amulet)
HPRegen  0.54/turn              (no ring)
MPRegen  0.13/turn              (no ring)

@: brilliant, very slightly contaminated
A: distributed training, fangs 1, large bone plates 1, blink, regeneration 1,
strong nose
a: Blink


You were on level 6 of the Dungeon.
You were hungry.

You visited 1 branch of the dungeon, and saw 6 of its levels.

You collected 119 gold pieces.

Inventory:

Hand Weapons
 a - a +0 falchion (weapon)
Missiles
 n - 4 tomahawks (quivered)
Armour
 b - a +0 leather armour (worn)
Scrolls
 g - 8 scrolls of identify
 k - 4 scrolls of magic mapping
 o - 3 scrolls of remove curse
Potions
 j - a potion of brilliance
Books
 c - a book of Battle

   Spells                             Type                      Level
   a - Infusion                       Charms                       1
   b - Shroud of Golubria             Charms/Translocation         2
   c - Song of Slaying                Charms                       2
   d - Spectral Weapon                Hexes/Charms                 3
   e - Regeneration                   Charms/Necromancy            3
Comestibles
 d - 6 rations


   Skills:
 + Level 4.7 Fighting
 + Level 1.4 Short Blades
 + Level 4.7 Long Blades
 + Level 1.4 Axes
 + Level 1.4 Maces & Flails
 + Level 1.4 Polearms
 + Level 1.4 Staves
 + Level 1.4 Slings
 + Level 1.4 Bows
 + Level 1.4 Crossbows
 + Level 1.4 Throwing
 + Level 2.9 Armour
 + Level 4.7 Dodging
 + Level 1.4 Stealth
 + Level 1.4 Shields
 + Level 1.4 Unarmed Combat
 + Level 5.1 Spellcasting
 + Level 1.1 Conjurations
 + Level 1.1 Hexes
 + Level 5.5 Charms
 + Level 1.1 Summonings
 + Level 1.1 Necromancy
 + Level 1.1 Translocations
 + Level 1.1 Transmutations
 + Level 1.1 Fire Magic
 + Level 1.1 Ice Magic
 + Level 1.1 Air Magic
 + Level 1.1 Earth Magic
 + Level 1.1 Poison Magic
 + Level 1.5 Invocations
 + Level 1.4 Evocations


You had 13 spell levels left.
You knew the following spells:

 Your Spells              Type           Power        Failure   Level  Hunger
a - Infusion              Chrm           ####         1%          1    None


Dungeon Overview and Level Annotations

Branches:
Dungeon (6/15)             Temple (0/1) D:4

Altars:

Annotations:
D:3 JubJub's ghost, weakling MiAK
D:4 Eustachio; Grinder
D:6 Prince Ribbit


Innate Abilities, Weirdness & Mutations

Your experience applies equally to all skills.
You have very sharp teeth.
Your uncanny sense of smell can sniff out nearby items.
You are partially covered in large bone plates. (SH +4)
You can translocate small distances at will.
Your natural rate of healing is unusually fast.


Message History

The centaur closely misses you. The centaur hits you.
* * * LOW HITPOINT WARNING * * *
The centaur closely misses you.
You riposte.
You closely miss the centaur.
The centaur wields an uncursed shortbow.
The centaur shoots an arrow.
The arrow barely misses you.
The centaur shoots an arrow.
The arrow hits you.
* * * LOW HITPOINT WARNING * * *
Prince Ribbit blinks!
Found a stone staircase leading down.
You see here an arrow.
You hit Prince Ribbit.
Prince Ribbit is lightly wounded.
The centaur shoots an arrow.
The arrow barely misses you. Prince Ribbit hits you.
* * * LOW HITPOINT WARNING * * *
Prince Ribbit closely misses you.
You riposte.
You hit Prince Ribbit.
Prince Ribbit is moderately wounded.
The centaur shoots an arrow.
The arrow hits you!
You die...

#.......# ...#
#.....## .....
#####(.## .....
#(..# #.....
##..###......
##(.........#
###.(c.........
#..<...(......>
##.....@F......
#.........(...
..............#
..##...........#
.# ##......<..##
.# #>......###
.. ##...####
#####


You could see Prince Ribbit and a centaur.

Vanquished Creatures
  An orc priest (D:2)
  4 adders
  5 worms
  A dart slug (D:3)
  9 orcs
  6 bats
  2 giant cockroaches
  4 hobgoblins
  4 frilled lizards
  7 goblins
  7 kobolds
  5 rats
55 creatures vanquished.

Notes
Turn   | Place    | Note
-------+----------+-------------------------------------------
     0 | D:1      | JustSomeDude the Gnoll Skald began the quest for the Orb.
     0 | D:1      | Reached XP level 1. HP: 20/20 MP: 6/6
   376 | D:1      | Reached XP level 2. HP: 15/26 MP: 7/7
   593 | D:2      | Reached skill level 5 in Spellcasting
   593 | D:2      | Reached XP level 3. HP: 18/31 MP: 7/9
   596 | D:2      | Reached skill level 1 in Invocations
   952 | D:2      | Reached skill level 1 in Short Blades
   952 | D:2      | Reached skill level 1 in Axes
   952 | D:2      | Reached skill level 1 in Maces & Flails
   952 | D:2      | Reached skill level 1 in Polearms
   952 | D:2      | Reached skill level 1 in Staves
   952 | D:2      | Reached skill level 1 in Slings
   952 | D:2      | Reached skill level 1 in Bows
   952 | D:2      | Reached skill level 1 in Crossbows
   952 | D:2      | Reached skill level 1 in Throwing
   952 | D:2      | Reached skill level 1 in Stealth
   952 | D:2      | Reached skill level 1 in Shields
   952 | D:2      | Reached skill level 1 in Unarmed Combat
   952 | D:2      | Reached skill level 1 in Evocations
   956 | D:2      | Reached XP level 4. HP: 38/38 MP: 11/11
  1457 | D:3      | Reached skill level 1 in Conjurations
  1457 | D:3      | Reached skill level 1 in Hexes
  1457 | D:3      | Reached skill level 1 in Summonings
  1457 | D:3      | Reached skill level 1 in Necromancy
  1457 | D:3      | Reached skill level 1 in Translocations
  1457 | D:3      | Reached skill level 1 in Transmutations
  1457 | D:3      | Reached skill level 1 in Fire Magic
  1457 | D:3      | Reached skill level 1 in Ice Magic
  1457 | D:3      | Reached skill level 1 in Air Magic
  1457 | D:3      | Reached skill level 1 in Earth Magic
  1457 | D:3      | Reached skill level 1 in Poison Magic
  1897 | D:3      | Reached XP level 5. HP: 39/43 MP: 12/12
  2216 | D:3      | Noticed JubJub's ghost (weakling MiAK)
  2253 | D:4      | Noticed Grinder
  2274 | D:4      | Noticed Eustachio
  2276 | D:4      | Gained mutation: Your natural rate of healing is unusually fast. [potion of mutation]
  2276 | D:4      | Gained mutation: You can translocate small distances at will. [potion of mutation]
  2276 | D:4      | Gained mutation: You are partially covered in large bone plates. (SH +4) [potion of mutation]
  2293 | D:5      | Entered Level 5 of the Dungeon
  2293 | D:5      | Noticed a sky beast
  2301 | D:6      | Noticed a centaur
  2307 | D:6      | Noticed Prince Ribbit
  2315 | D:6      | HP: 2/43 [Prince Ribbit (1)]
  2316 | D:6      | Shot with an arrow by a centaur

Skill      XL: |  1  2  3  4 |
---------------+-------------+-----
Spellcasting   | 5 |  5.1
Invocations    | 1 |  1.5
Short Blades   | 1 |  1.4
Axes           | 1 |  1.4
Maces & Flails | 1 |  1.4
Polearms       | 1 |  1.4
Staves         | 1 |  1.4
Slings         | 1 |  1.4
Bows           | 1 |  1.4
Crossbows      | 1 |  1.4
Throwing       | 1 |  1.4
Stealth        | 1 |  1.4
Shields        | 1 |  1.4
Unarmed Combat | 1 |  1.4
Evocations     | 1 |  1.4
Conjurations   | 1 |  1.1
Hexes          | 1 |  1.1
Summonings     | 1 |  1.1
Necromancy     | 1 |  1.1
Translocations | 1 |  1.1
Transmutations | 1 |  1.1
Fire Magic     | 1 |  1.1
Ice Magic      | 1 |  1.1
Air Magic      | 1 |  1.1
Earth Magic    | 1 |  1.1
Poison Magic   | 1 |  1.1
Fighting       | |  4.7
Long Blades    | |  4.7
Armour         | |  2.9
Dodging        | |  4.7
Charms         | |  5.5

Action                   |  1- 3 |  4- 6 || total
-------------------------+-------+-------++-------
Melee: Falchion          |    42 |   149 ||   191
       Bite              |     4 |    17 ||    21
       Punch             |       |     1 ||     1
Throw: Tomahawk          |       |     3 ||     3
  Use: Potion            |     3 |     4 ||     7
       Scroll            |       |     9 ||     9
 Stab: Sleeping          |     1 |     1 ||     2
  Eat: Chunk             |       |     4 ||     4
Armor: Leather armour    |    10 |    20 ||    30
       Skin              |     3 |    78 ||    81
Dodge: Dodged            |    29 |   109 ||   138
Block: Other             |       |     3 ||     3
       Rpst.: Falchion   |    11 |    36 ||    47
